 Dungeon Crawl Stone Soup version 0.26-a0-649-gf8c6c3aab7 (webtiles) character file.

Game seed: 3076141704758567394

9326 smeego the Carver (level 11, -15/74 HPs)
             Began as an Octopode Fighter on Sept 26, 2020.
             Was a Believer of Dithmenos.
             Demolished by Snorg (20 damage)
             ... on level 12 of the Dungeon on Sept 27, 2020.
             The game lasted 00:24:57 (16441 turns).

smeego the Carver (Octopode Fighter)               Turns: 16441, Time: 00:24:57

Health: -15/74     AC:  1    Str: 22 (24) XL:     11   Next: 44%
Magic:  13/13      EV: 13    Int: 13 (14) God:    Dithmenos [**....]
Gold:   886        SH: 11    Dex:  8 (12) Spells: 10/10 levels left

rFire    . . .     SeeInvis +   x - +3 scimitar
rCold    . . .     Faith    .   b - +1 kite shield
rNeg     . . .     Spirit   .   (helmet restricted)
rPois    +         Reflect  .   (no amulet)
rElec    .         Harm     .   i - ring of see invisible
rCorr    .         Rampage  .   m - +4 ring of slaying
MR       .....                  a - ring of flight
Stlth    ++++++....             u - ring "Cimoxuit" {rPois Int+3}
HPRegen  0.22/turn              e - +6 ring of strength
MPRegen  0.13/turn              H - ring of poison resistance
                                (no ring)
                                (no ring)

@: wreathed by umbra
A: almost no armour, stealthy swim, amphibious, 8 rings, constrict 8, tentacle
spike 2, camouflage 1, wild magic 1, gelatinous body 1, MP-powered wands
a: Shadow Step, Renounce Religion, Evoke Flight


You were on level 12 of the Dungeon.
You worshipped Dithmenos.
Dithmenos was pleased with you.
You visited 1 branch of the dungeon, and saw 12 of its levels.
You also visited: Bailey.

You collected 886 gold pieces.

Inventory:

Hand Weapons
 k - a +1 hunting sling of flaming
 t - a +1 dagger of venom
 x - a +3 scimitar (weapon)
Missiles
 d - 2 atropa-tipped darts (quivered)
 f - 20 javelins
 j - 74 poisoned darts
 n - 59 sling bullets
 p - 12 boomerangs
 q - 4 curare-tipped darts
 v - a throwing net
Armour
 b - a +1 kite shield (worn)
Jewellery
 a - a ring of flight (on tentacle)
 e - a +6 ring of strength (on tentacle)
 i - a ring of see invisible (left tentacle)
 m - a +4 ring of slaying (right tentacle)
 u - the ring "Cimoxuit" (on tentacle) {rPois Int+3}
   (You found it on level 6 of the Dungeon)

   [ring of poison resistance]

   It affects your intelligence (+3).
   It protects you from poison.
 A - an uncursed amulet of faith {unknown}
 G - an uncursed ring of ice
 H - a ring of poison resistance (on tentacle)
Wands
 C - a wand of iceblast (5)
 F - a wand of flame (16)
Scrolls
 g - 2 scrolls of enchant armour
 l - 5 scrolls of immolation
 o - a scroll of identify
 r - 7 scrolls of teleportation
 y - 2 scrolls of magic mapping
 B - 2 scrolls of fog
Potions
 c - a potion of might
 h - 5 potions of curing
 s - a potion of brilliance


   Skills:
 + Level 6.6 Fighting
 * Level 8.8 Long Blades
 + Level 5.7 Throwing
 + Level 6.6 Dodging
 + Level 8.2 Stealth
 + Level 6.6 Shields
 + Level 5.8 Unarmed Combat
 + Level 3.3 Invocations
 + Level 4.4 Evocations


You had 10 spell levels left.
You didn't know any spells.
Your spell library was empty.

Dungeon Overview and Level Annotations

Branches:
Dungeon (12/15)            Temple (0/1) D:6            Lair (0/6) D:9
    Orc (0/2) D:11         Bailey (visited)

Altars:
Cheibriados
Dithmenos
Hepliaklqana
Kikubaaqudgha
Makhleb
Nemelex Xobeh
Okawaru
Ru
Uskayaw
Vehumet
Xom
Zin
The Shining One

Shops:
D:5 !

Annotations:
D:7 3 runed translucent doors, krigyl's ghost, novice TrEE
D:12 Snorg


Innate Abilities, Weirdness & Mutations

You cannot wear most types of armour.
You are very stealthy in the water. (Stealth+)
You are amphibious.
You can wear up to eight rings at the same time.
You can use your tentacles to constrict eight enemies at once.
Your skin changes colour to match your surroundings (Stealth+).
Your rubbery body absorbs attacks. (AC +1, EV +1)
One of your tentacles bears a nasty spike.
Your spells are a little harder to cast, but a little more powerful.
You expend magic power (3 MP) to strengthen your wands.


Message History

Unknown command.
You slice Snorg!!
Snorg is severely wounded.
Snorg bites you!! You block Snorg's attack. Snorg closely misses you. x3
Snorg claws you!
* * * LOW HITPOINT WARNING * * *
Unknown command.
Snorg is no longer blind.
Snorg misses you. Snorg claws you!
* * * LOW HITPOINT WARNING * * *
You block Snorg's attack.
Okay, then.
Okay, then.
Okay, then.
Okay, then.
As you read the scroll labeled UNTOYG ULUBO, it crumbles to dust.
It is a scroll of enchant weapon.
Your +2 scimitar glows red for a moment.
You block Snorg's attack. Snorg barely misses you. Snorg claws you!!
You die...

#......<..# ##.########
#..#### ##....#####
####.....# ####+######
############'##
..........###.........>...#
..........#.(.......(.....#
..........#.#).T@[........#
..........#.#.............#
........(('.##+############
..........### #####+#####


You could see Snorg (berserk).

Vanquished Creatures
  A two-headed ogre (D:10)
  An ugly thing (D:11)
  Maggie (D:9)
  Grinder (D:5)
  5 yaks (D:12)
  Menkaure (D:6)
  A steam dragon (D:10)
  An acid dragon (D:11)
  A black bear (D:9)
  15 orc warriors
  2 ice beasts (D:9)
  5 sky beasts
  3 phantoms
  5 wolves (D:9)
  6 ogres
  10 centaurs
  A big kobold (D:11)
  2 bullfrogs
  A gnoll sergeant (D:6)
  2 scorpions (D:10)
  A wyvern skeleton (D:8)
  8 wights (D:6)
  4 killer bees (D:8)
  5 electric eels (D:9)
  A howler monkey (D:5)
  4 quasits
  6 jellies
  A bullfrog zombie (D:6)
  A bullfrog skeleton (D:6)
  3 centaur skeletons
  3 orc priests
  8 hounds
  5 orc wizards
  6 worker ants
  An iguana (D:5)
  5 hound skeletons
  8 adders
  10 gnolls
  A howler monkey skeleton (D:6)
  2 shadow imps
  3 white imps
  2 ufetubi
  An ooze (D:3)
  3 adder skeletons
  2 dart slugs
  2 worms (D:2)
  2 leopard geckos
  62 orcs
  6 giant cockroaches
  10 goblins
  11 hobgoblins
  12 jackals
  18 kobolds
  2 quokkas
  8 bats
  5 frilled lizards
  A quokka skeleton (D:9)
  5 rats
303 creatures vanquished.

Notes
Turn   | Place    | Note
-------+----------+-------------------------------------------
     0 | D:1      | smeego the Octopode Fighter began the quest for the Orb.
     0 | D:1      | Reached XP level 1. HP: 16/16 MP: 1/1
     6 | D:1      | Noticed an anaconda
     6 | D:1      | Noticed a swamp drake
     6 | D:1      | Noticed a lindwurm
     6 | D:1      | Noticed a black bear
     6 | D:1      | Noticed a redback
   170 | D:1      | Reached XP level 2. HP: 13/21 MP: 2/2
   726 | D:1      | Reached skill level 1 in Stealth
   774 | D:1      | Reached XP level 3. HP: 26/26 MP: 3/3
  1394 | D:2      | Found an iron altar of Okawaru.
  1658 | D:2      | Found a shimmering altar of Xom.
  1659 | D:2      | Found a hazy altar of Hepliaklqana.
  1662 | D:2      | Noticed a spectral ugly thing
  2152 | D:3      | Reached XP level 4. HP: 31/31 MP: 4/4
  2230 | D:3      | Reached skill level 1 in Unarmed Combat
  2270 | D:3      | Found a burning altar of Makhleb.
  2270 | D:3      | Found a sparkling altar of Nemelex Xobeh.
  2356 | D:3      | Reached skill level 1 in Throwing
  2494 | D:3      | Reached XP level 5. HP: 20/36 MP: 5/5
  3149 | D:4      | Reached XP level 6. HP: 11/42 MP: 6/6
  3821 | D:4      | Found a radiant altar of Vehumet.
  3992 | D:4      | Gained mutation: Your spells are a little harder to cast,
                  | but a little more powerful. [potion of mutation]
  3992 | D:4      | Gained mutation: One of your tentacles bears a spike.
                  | [potion of mutation]
  3992 | D:4      | Gained mutation: One of your tentacles bears a nasty spike.
                  | [potion of mutation]
  3992 | D:4      | Gained mutation: You expend magic power (3 MP) to
                  | strengthen your wands. [potion of mutation]
  4294 | D:5      | Entered Level 5 of the Dungeon
  4377 | D:5      | Reached XP level 7. HP: 47/47 MP: 7/7
  4699 | D:5      | Found Giytah's Distillery.
  4864 | D:5      | Found a sparkling altar of Nemelex Xobeh.
  4962 | D:5      | Noticed Grinder
  4977 | D:5      | Killed Grinder
  4977 | D:5      | Reached XP level 8. HP: 13/54 MP: 8/8
  5343 | D:5      | Reached skill level 5 in Long Blades
  5915 | D:6      | Found a glowing golden altar of the Shining One.
  6245 | D:6      | Noticed Menkaure
  6315 | D:6      | Reached skill level 5 in Stealth
  6626 | D:6      | Killed Menkaure
  6626 | D:6      | Reached XP level 9. HP: 60/60 MP: 9/9
  6759 | D:6      | Reached skill level 5 in Fighting
  6811 | D:6      | Reached skill level 5 in Dodging
  6815 | D:6      | Reached skill level 5 in Shields
  6955 | D:6      | Found a staircase to the Ecumenical Temple.
  7099 | D:6      | Got a coiled silver ring
  7313 | D:7      | Found a flagged portal.
  7323 | Bailey   | Entered a bailey
  7609 | Bailey   | Reached skill level 1 in Evocations
  8255 | Bailey   | Reached XP level 10. HP: 41/67 MP: 10/10
  9366 | D:7      | Identified the ring "Cimoxuit" {rPois Int+3} (You found it
                  | on level 6 of the Dungeon)
  9432 | D:7      | Found a shadowy altar of Dithmenos.
  9438 | D:7      | Became a worshipper of Dithmenos the Shadowed
  9514 | D:7      | Found a runed translucent gate.
  9514 | D:7      | Found a runed translucent gate.
  9515 | D:7      | Found a runed translucent gate.
 10077 | D:7      | Noticed krigyl's ghost (novice TrEE)
 10585 | D:7      | Found a snail-covered altar of Cheibriados.
 10585 | D:7      | Found a glowing silver altar of Zin.
 10987 | D:8      | Reached skill level 5 in Unarmed Combat
 11110 | D:8      | Reached skill level 1 in Invocations
 11346 | D:8      | Found a sparkling altar of Nemelex Xobeh.
 11950 | D:8      | Found a sacrificial altar of Ru.
 12045 | D:9      | Reached skill level 5 in Throwing
 12052 | D:9      | Reached * piety under Dithmenos
 12313 | D:9      | Noticed a deep elf mage
 12314 | D:9      | Noticed an unseen horror
 12315 | D:9      | Noticed a centaur warrior
 12542 | D:9      | Found a hide-covered altar of Uskayaw.
 12677 | D:9      | Found a staircase to the Lair.
 13226 | D:9      | Noticed Maggie
 13272 | D:10     | Entered Level 10 of the Dungeon
 13848 | D:9      | Found an ancient bone altar of Kikubaaqudgha.
 14038 | D:9      | Killed Maggie
 14302 | D:10     | Reached XP level 11. HP: 44/73 MP: 12/12
 14506 | D:10     | Noticed a two-headed ogre
 14515 | D:10     | Killed a two-headed ogre
 14550 | D:10     | Reached ** piety under Dithmenos
 15261 | D:11     | Noticed a white ugly thing
 15518 | D:11     | Identified the cursed +1 leather armour of the Fiend {+Inv
                  | rF+ Regen+ Int-4}
 15708 | D:11     | Killed a white ugly thing
 16122 | D:11     | Found a staircase to the Orcish Mines.
 16420 | D:12     | Noticed Snorg
 16441 | D:12     | Demolished by Snorg

Illustrated notes

Levels and vault maps discovered:
D:1:      onia_arrival_zoo_common, layout_basic
D:2:      layout_loops_ring, regret_index_temple_of_mockery,
          okawaru_metal_pillars_3, kennysheep_generic_room_6
D:3:      minmay_door_path, layout_basic,
          chequers_temple_overflow_statue_of_worship
D:4:      layout_loops_cross, vehumet_crystals
D:5:      layout_cave_pods, serial_shops, shop, basic_altar, uniq_grinder
D:6:      layout_rooms, tso_metal_star, minmay_temple_entry_from_below_a,
          hangedman_abyss_or_decor_jellyfish_corner, grunt_ministairs_10,
          uniq_menkaure
D:7:      layout_layer_cave, nicolae_dithmenos_through_a_glass_darkly,
          gammafunk_temple_overflow_pools, enter_bailey_3,
          gammafunk_ghost_necromancy
D:8:      layout_loops_corners, nicolae_ru_the_path_less_chosen, basic_altar
D:9:      layout_grid_maze, lemuel_doored_altar, kiku_gazebo_pond_becter,
          erik_lair_island, minivault_12, uniq_maggie
D:10:     layout_loops_cross
D:11:     layout_big_octagon, orc_david_3
D:12:     layout_roguey, uniq_snorg, uniq_nergalle

Skill      XL: |  1  2  3  4  5  6  7  8  9 10 11 |
---------------+----------------------------------+-----
Stealth        | 1 2 3 4 5 6 7 8 |  8.2
Unarmed Combat | 1 2 3 4 5 |  5.8
Long Blades    | 3 4 6 7 8 |  8.8
Throwing       | 1 2 3 4 5 |  5.7
Fighting       | 4 5 6 |  6.6
Dodging        | 4 5 6 |  6.6
Shields        | 4 5 6 |  6.6
Evocations     | 2 3 4 |  4.4
Invocations    | 2 3 |  3.3

Action                   |  1- 3 |  4- 6 |  7- 9 | 10-12 || total
-------------------------+-------+-------+-------+-------++-------
Melee: Long sword        |    49 |    71 |    83 |       ||   203
       Constrict         |    20 |    23 |    36 |    43 ||   122
       Tentacles         |    10 |    11 |    25 |    43 ||    89
       Kick              |       |     6 |    44 |    81 ||   131
       Dagger            |       |     2 |     6 |    38 ||    46
       Punch             |       |     1 |       |     5 ||     6
       Scimitar          |       |       |    19 |   162 ||   181
 Fire: Hunting sling     |     9 |       |    63 |    38 ||   110
Throw: Dart              |     1 |     6 |   107 |    61 ||   175
       Throwing net      |       |     3 |     1 |       ||     4
       Boomerang         |       |     6 |     6 |       ||    12
       Javelin           |       |       |     1 |       ||     1
Evoke: Wand              |       |       |       |     1 ||     1
  Use: Scroll            |     5 |     2 |     6 |     9 ||    22
       Potion            |       |     2 |     1 |     6 ||     9
 Stab: Sleeping          |     7 |    10 |     6 |    25 ||    48
Armor: Skin              |       |     1 |    12 |    12 ||    25
Dodge: Dodged            |    18 |    36 |   100 |   105 ||   259
Block: Kite shield       |    12 |    23 |    78 |   101 ||   214
       Rpst.: Long sword |     4 |     9 |    10 |       ||    23
       Scimitar          |       |       |     3 |    25 ||    28

Table legend: (Time is in decaauts)
 A = Elapsed time spent in this place.
 B = Non-inter-level travel time spent in this place.
 C = Inter-level travel time spent in this place.
 D = Time resting spent in this place.
 E = Time spent auto-exploring this place.
 F = Levels seen in this place.
 G = Mean time per level.
                   A        B        C        D        E       F      G
               +--------+--------+--------+--------+--------+-----+--------+
         Total |  16458 |  16023 |    435 |   4107 |   9349 |  13 | 1266.0 |
       Dungeon |  14434 |  13999 |    435 |   3076 |   8792 |  12 | 1202.8 |
        Bailey |   2023 |   2023 |      0 |   1031 |    557 |   1 | 2023.0 |
               +--------+--------+--------+--------+--------+-----+--------+

Top non-repeatable levels by time:
  Bailey: 2023 daAuts
     D:9: 1835 daAuts
    D:10: 1698 daAuts
     D:4: 1611 daAuts
     D:7: 1417 daAuts
     D:6: 1357 daAuts
     D:8: 1340 daAuts
     D:5: 1268 daAuts
     D:1: 1109 daAuts
     D:3: 1061 daAuts
     D:2: 864 daAuts
    D:11: 732 daAuts
    D:12: 138 daAuts
